AoeStats
← Malicious

Arena

510818592Analyzed
2v2 RM · 7h ago on Oct 2, 2026· 67m 39s· 4 players
Game mode
Random Map
Map size
Medium (4 player)
Population
200
Speed
Normal
Resources
Standard
Victory
Conquest
Starting age
Dark Age
Ending age
Imperial Age
RankedLock teamsTeams togetherTeam positionsShared explorationLock speedFull tech treeHidden civsTurbo modeCheats
Victory
Defeat
🇹🇷 Portuguese · Türkiye
1169
+13
🇹🇷 Turks · Türkiye
1061
+17
🇨🇦 Sicilians · Canada
1181
-23
🇨🇦 Italians · Canada
1001
-11
FuzzyPeaches
11:11 Feudal Age
15:05 Castle Age
13:23 Double-Bit Axe
15:16 Light Cavalry
17:44 Bow Saw
19:22 Fletching
19:24 Loom
20:28 Horse Collar
22:02 Heavy Plow
27:48 Scale Barding Armor
27:39 Bodkin Arrow
27:55 Forging
27:47 Gold Mining
28:47 Bloodlines
30:37 Chain Barding Armor
31:41 Iron Casting
32:47 Scale Mail Armor
34:44 Chain Mail Armor
34:53 Squires
34:39 Gambesons
35:15 Padded Archer Armor
37:53 Imperial Age
36:05 Wheelbarrow
36:32 Stone Mining
38:57 Conscription
39:01 First Crusade
39:37 Plate Mail Armor
38:36 Cavalier
40:15 Husbandry
40:18 Elite Serjeant
42:00 Blast Furnace
42:27 Bracer
47:14 Caravan
49:53 Arson
55:37 Pikeman
56:45 Halberdier
Dgor
10:28 Feudal Age
14:46 Castle Age
14:36 Double-Bit Axe
14:53 Horse Collar
15:07 Gold Mining
16:29 Loom
16:46 Stone Mining
22:48 Wheelbarrow
23:06 Fletching
24:32 Redemption
29:25 Heavy Plow
33:23 Squires
33:26 Padded Archer Armor
33:45 Scale Mail Armor
33:56 Forging
33:43 Town Watch
36:47 Imperial Age
34:50 Bodkin Arrow
35:38 Bow Saw
35:47 Hand Cart
37:53 Stone Shaft Mining
39:09 Chemistry
39:06 Conscription
43:05 Hoardings
43:51 Silk Road
44:32 Arson
45:22 Caravan
46:27 Chain Mail Armor
46:48 Iron Casting
49:33 Pikeman
51:51 Capped Ram
54:41 Ballistics
54:17 Murder Holes
57:42 Guilds
58:36 Thumb Ring
58:51 Elite Genoese Crossbowman
TheCaesar
11:27 Feudal Age
15:32 Castle Age
14:34 Double-Bit Axe
17:18 Stone Mining
21:06 Horse Collar
22:37 Bloodlines
23:29 Loom
24:21 Wheelbarrow
23:57 Husbandry
25:57 Forging
31:02 Imperial Age
30:18 Iron Casting
29:49 Scale Barding Armor
30:04 Hand Cart
33:30 Blast Furnace
32:51 Chain Barding Armor
35:30 Bombard Tower
36:28 Artillery
Malicious
10:38 Feudal Age
9:46 Loom
14:56 Castle Age
13:17 Double-Bit Axe
19:54 Horse Collar
23:50 Bow Saw
29:08 Imperial Age
26:58 Heavy Plow
29:18 Gold Mining
29:35 Treadmill Crane
33:07 Chemistry
32:28 Ballistics
32:04 Murder Holes
32:19 Stone Mining
31:57 Pikeman
32:53 Forging
32:44 Scale Mail Armor
34:00 Two-Man Saw
34:09 Stone Shaft Mining
34:13 Wheelbarrow
33:23 Town Watch
35:08 Masonry
35:25 Halberdier
36:44 Iron Casting
36:24 Chain Mail Armor
37:00 Hand Cart
36:36 Arson
36:44 Fletching
36:55 Padded Archer Armor
38:31 Town Patrol
39:26 Conscription
40:01 Arquebus
41:09 Blast Furnace
41:57 Siege Engineers
41:49 Murder Holes
41:49 Elite Organ Gun
43:41 Crop Rotation
45:47 Bodkin Arrow
47:57 Architecture
50:58 Bracer
51:29 Plate Mail Armor
51:05 Scale Barding Armor
51:41 Cavalier
52:22 Husbandry
52:32 Bloodlines
Connection lost

Rejoining the realm…

Still unreachable

The connection could not be restored.

Session expired

The server has moved on; the page needs a fresh start.